Cogmind - Beta 13 @@@ ROGUE MODE // 2024.04.11 @ 07:39:19 Player: m1m1c Result: Self-destructed Performance ------------- Evolutions (1) 500 Regions Visited (3) 600 Robots Destroyed (19) 95 Value Destroyed (382) 382 Prototype IDs (1) 20 Alien Tech Used (0) 0 Bonus (0) 0 TOTAL SCORE: 1597 Bonus ------- None Cogmind --------- Core Integrity 145/400 Matter 21/300 Energy 0/100 System Corruption 0% Temperature Cool (0) Movement Walking (120) Location -9/Materials Parts ------- > --- POWER (1) -------- (None) > --- PROPULSION (3) --- Aluminum Leg Aluminum Leg > --- UTILITY (3) ------ Small Storage Unit ECM Suite > --- WEAPON (2) ------- (None) > --- INVENTORY (8) ---- Medium Matter Pod (0) Large Matter Pod (0) ECM Suite Backup Plating I Assault Rifle Peak State ------------ > --- POWER ------------ Ion Engine > --- PROPULSION ------- Aluminum Leg Aluminum Leg Aluminum Leg > --- UTILITY ---------- Small Storage Unit Experimental Sensor Array ECM Suite > --- WEAPON ----------- Grenade Launcher Grenade Launcher > --- INVENTORY -------- Light Ion Engine Aluminum Leg Compact Wheel Small Matter Pod Medium Matter Pod Large Matter Pod Backup Plating I Assault Rifle [Rating: 17] Favorites ----------- Power Light Ion Engine Engine Light Ion Engine Propulsion Aluminum Leg Leg Aluminum Leg Wheel Compact Wheel Utility Small Storage Unit Device Experimental Sensor Array Storage Small Storage Unit Weapon Grenade Launcher Energy Gun EM Pulse Gun Ballistic Gun Assault Rifle Launcher Grenade Launcher Build | -11 -10 -10 -9 ------- Run | Yrd Mat Min Mat Slots Evolved 2 | . . . 2 Power . | . . . . Propulsion 1 | . . . 1 Utility 1 | . . . 1 Weapon . | . . . . Parts Attached 20 | 6 3 3 8 Power 2 | 1 . . 1 Engine 2 | 1 . . 1 Core . | . . . . Reactor . | . . . . Propulsion 8 | 2 . 1 5 Treads . | . . . . Leg 6 | 2 . . 4 Wheel 2 | . . 1 1 Hover . | . . . . Flight . | . . . . Utility 6 | 1 2 2 1 Device 2 | . . 1 1 Storage 4 | 1 2 1 . Processor . | . . . . Hackware . | . . . . Protection . | . . . . Artifact . | . . . . Weapon 4 | 2 1 . 1 Energy Gun 1 | 1 . . . Energy Cannon . | . . . . Ballistic Gun 1 | 1 . . . Ballistic Cannon . | . . . . Launcher 2 | . 1 . 1 Special Weapon . | . . . . Impact Weapon . | . . . . Slashing Weapon . | . . . . Piercing Weapon . | . . . . Special Melee Weapon . | . . . . Unidentified Prototypes 1 | . . 1 . Parts Lost 9 | . 1 1 7 Power 1 | . . . 1 Propulsion 4 | . . 1 3 Utility 1 | . . . 1 Weapon 3 | . 1 . 2 Highest Loss Streak 7 | . 1 1 7 To Critical Strikes . | . . . . Average Slot Usage (%) 83 | . 88 83 80 Engine 12 | . 14 14 9 Leg 25 | . 28 24 22 Wheel 3 | . . 2 6 Device 8 | . . 10 12 Storage 16 | . 22 17 11 Energy Gun 2 | . 9 . . Ballistic Gun 1 | . 4 . . Launcher 13 | . 8 14 17 Naked Turns . | . . . . Heaviest Build 19 | 12 14 14 19 Greatest Support 30 | 20 20 20 30 Greatest Overweight (x) 3 | 3 . 1 2 Average Overweight (x) . | . . . . Largest Inventory Capacity 8 | 8 8 8 8 Average Capacity 7 | 7 8 8 8 Most Carried 8 | 1 5 7 8 Average Carried 4 | . 2 6 6 Final Capacity 8 | 8 8 8 8 Final Carried 6 | 1 5 6 5 Class Distribution -------------------- 100% | Mutant Dominant Class ---------------- Mutant | -10/Materials Mutant | -10/Mines Mutant | -9/Materials Resources | -11 -10 -10 -9 ----------- Run | Yrd Mat Min Mat Matter Collected 274 | 107 27 32 108 Remotely . | . . . . Salvage Created 300 | . 131 . 169 Parts 39 | . 19 . 20 Haulers Intercepted 1 | . . . 1 Recyclers Shooed . | . . . . Parts Field Recycled . | . . . . Retrieved Matter . | . . . . Parts Self-Destructed . | . . . . Prevented . | . . . . Kills | -11 -10 -10 -9 ------- Run | Yrd Mat Min Mat Combat Hostiles Destroyed 13 | . 5 . 8 Guns 1 | . 1 . . AOE 12 | . 4 . 8 Classes Destroyed 6 | . 5 . 1 Builder 1 | . 1 . . Hauler 1 | . . . 1 Mechanic 1 | . 1 . . Watcher 3 | . 2 . 1 Swarmer 7 | . 3 . 4 Grunt 6 | . 2 . 4 Best Kill Streak 7 | . 4 . 7 Combat Bots Only 5 | . 3 . 5 Max Kills in Single Turn 3 | . 3 . 3 Gunslinging . | . . . . Exploded 3 | . 1 . 3 Melee . | . . . . Uniques/NPCs Destroyed . | . . . . Combat | -11 -10 -10 -9 -------- Run | Yrd Mat Min Mat Hostile Shots Fired 159 | . 21 13 125 Missed 56 | . 5 4 47 Damage Taken 1139 | . 304 69 766 Core 387 | . 111 21 255 Absorbed by Shields . | . . . . Core Remaining (%) 73 | 100 . 47 . Volleys Fired 16 | . 10 . 6 Largest 2 | . 2 . 2 Hottest 70 | . 70 . 60 Shots Fired 32 | . 20 . 12 Gun 12 | . 12 . . Cannon . | . . . . Launcher 20 | . 8 . 12 Special . | . . . . Kinetic 2 | . 2 . . Thermal . | . . . . Explosive 20 | . 8 . 12 Electromagnetic 10 | . 10 . . Robot Hit Streak 4 | . 4 . . Robot Miss Streak 3 | . 3 . . Penetration Max . | . . . . Secondary Targets . | . . . . Shots Hit Robots 10 | . 10 . . Core Hits 25 | 1 12 . 12 Critical Kills . | . . . . Critical Parts Destroyed . | . . . . Critical Strikes . | . . . . Melee Attacks . | . . . . Impact . | . . . . Slashing . | . . . . Piercing . | . . . . Sneak Attacks . | . . . . Combat Hostiles . | . . . . Follow-up Attacks . | . . . . Damage Inflicted 921 | 1 516 2 402 Guns 113 | . 113 . . Cannons . | . . . . Explosions 805 | . 403 . 402 Melee . | . . . . Ramming 3 | 1 . 2 . Kinetic 30 | . 30 . . Thermal 27 | . 27 . . Explosive 778 | . 376 . 402 Electromagnetic 83 | . 83 . . Impact . | . . . . Slashing . | . . . . Piercing . | . . . . Highest Corruption . | . . . . Average Corruption . | . . . . Corruption Purged . | . . . . Corruption Blocked . | . . . . Overload Shots . | . . . . Overflow Damage 12 | . . . 12 Projectiles . | . . . . Explosions 12 | . . . 12 Melee . | . . . . Knockbacks . | . . . . Impact . | . . . . Kinetic . | . . . . Secondary . | . . . . Self-Inflicted Damage 148 | . 147 1 . Shots 3 | . 3 . . Rammed 1 | . . 1 . Targets Rammed 2 | 1 . 1 . Kicked 1 | 1 . . . Crushed . | . . . . Highest Temperature 36 | . 36 . 7 Average Temperature 15 | . 16 . 4 Received Heat Transfer 228 | . 48 . 180 Siege Activations . | . . . . Robots Corrupted . | . . . . Combat Hostiles . | . . . . Parts Fried . | . . . . Impact Corruptions . | . . . . Robots Melted . | . . . . Combat Hostiles . | . . . . Parts Melted . | . . . . Heat Transferred 50 | . 50 . . Parts Sabotaged . | . . . . Parts Stolen . | . . . . Parts Stripped . | . . . . Power Chain Reactions . | . . . . Alert | -11 -10 -10 -9 ------- Run | Yrd Mat Min Mat Peak Influence 270 | . 243 45 270 Initial 36 | . . 36 17 Average 77 | . 99 35 131 Maximum Alert Level 1 | . 1 . 1 Low Security (%) 81 | 100 79 100 58 Level 1 18 | . 20 . 41 Level 2 . | . . . . Level 3 . | . . . . Level 4 . | . . . . Level 5 . | . . . . High Security . | . . . . Max Security . | . . . . Squads Dispatched . | . . . . Investigation . | . . . . Extermination . | . . . . Reinforcement . | . . . . Assault . | . . . . Garrison . | . . . . Intercept . | . . . . Searches Triggered . | . . . . Construction Impeded . | . . . . Haulers Reinforced . | . . . . Active Scanning Responses . | . . . . Cargo Convoy Interrupts . | . . . . Stealth | -11 -10 -10 -9 --------- Run | Yrd Mat Min Mat Distress Signals 4 | . . . 4 Communications Jammed . | . . . . Distress Signals . | . . . . Times Spotted 29 | . 9 2 18 Peak Tracking Total 10 | . 4 3 10 Tactical Retreats 2 | . 1 1 . Traps | -11 -10 -10 -9 ------- Run | Yrd Mat Min Mat Traps Triggered . | . . . . Indirectly . | . . . . Trap Hack Attempts . | . . . . Triggered . | . . . . Disarmed . | . . . . Reprogrammed . | . . . . Reused . | . . . . Traps Extracted . | . . . . Installed . | . . . . Triggered . | . . . . Machines | -11 -10 -10 -9 ---------- Run | Yrd Mat Min Mat Machines Disabled 4 | . 2 . 2 Max in Single Turn 2 | . 1 . 2 Machines Repaired . | . . . . Machines Dismantled . | . . . . Machines Sabotaged . | . . . . Overloaded Fab Kills . | . . . . Hacking | -11 -10 -10 -9 --------- Run | Yrd Mat Min Mat Machines Accessed 2 | . 1 . 1 Terminals 2 | . 1 . 1 Fabricators . | . . . . Repair Stations . | . . . . Recycling Units . | . . . . Scanalyzers . | . . . . Garrison Access . | . . . . Total Hacks 3 | . 2 . 1 Successful 1 | . 1 . . Failed 2 | . 1 . 1 Catastrophic . | . . . . Database Lockouts . | . . . . Manual . | . . . . Terminals 3 | . 2 . 1 Fabricators . | . . . . Repair Stations . | . . . . Recycling Units . | . . . . Scanalyzers . | . . . . Garrison Access . | . . . . Terminal Hacks 1 | . 1 . . Unreport Threat 1 | . 1 . . Fabricator Hacks . | . . . . Repair Station Hacks . | . . . . Recycling Unit Hacks . | . . . . Scanalyzer . | . . . . Garrison Access Hacks . | . . . . Unauthorized Hacks . | . . . . Terminals . | . . . . Fabricators . | . . . . Repair Stations . | . . . . Recycling Units . | . . . . Scanalyzers . | . . . . Garrison Access . | . . . . Data Cores Recovered . | . . . . Used . | . . . . Hacking Detections 2 | . 1 . 1 Full Trace Events . | . . . . Feedback Events . | . . . . Feedback Blocked . | . . . . Robot Schematics Acquired . | . . . . Robots Built . | . . . . Authchips . | . . . . Time . | . . . . Total Robot Build Rating . | . . . . Part Schematics Acquired . | . . . . Parts Built . | . . . . Authchips . | . . . . Time . | . . . . Total Part Build Rating . | . . . . Parts Repaired . | . . . . Time . | . . . . Parts Recycled . | . . . . Recycled Matter . | . . . . Retrieved Matter . | . . . . Retrieved Components . | . . . . Parts Scanalyzed . | . . . . Part Schematics Acquired . | . . . . Parts Damaged . | . . . . Bothacking | -11 -10 -10 -9 ------------ Run | Yrd Mat Min Mat Used RIF Installer . | . . . . Robots Hacked . | . . . . Non-combat . | . . . . Combat . | . . . . Robot Hacks Applied . | . . . . Relay Couplers Released . | . . . . Fabnet Peak Effective % . | . . . . Robots Rewired . | . . . . Allies Hacked . | . . . . Hacks Repelled . | . . . . Allies | -11 -10 -10 -9 -------- Run | Yrd Mat Min Mat Total Allies 2 | . . 2 . Largest Group 2 | . . 2 . Highest-Rated Group 52 | . . 52 . Highest-Rated Ally 31 | . . 31 . Total Orders . | . . . . Ally Attacks 11 | . . 11 . Total Damage 43 | . . 43 . Kills . | . . . . Allies Corrupted . | . . . . Allies Melted . | . . . . Intel | -11 -10 -10 -9 ------- Run | Yrd Mat Min Mat Robot Analysis Total . | . . . . Derelict Logs Recovered 1 | . . 1 . Drone Launches . | . . . . Drone Recoveries . | . . . . Exploration | -11 -10 -10 -9 ------------- Run | Yrd Mat Min Mat Turns Passed 810 | 88 192 274 256 Spaces Moved 607 | 60 130 228 189 Core 33 | 25 . . 8 Treads . | . . . . Legs 501 | 35 130 184 152 Wheels 73 | . . 44 29 Hover . | . . . . Flight . | . . . . Fastest Speed 50 | 50 120 100 100 Average Speed 119 | 130 120 117 118 Slowest Speed 200 | 200 120 190 150 Overloaded Moves . | . . . . Propulsion Burnouts . | . . . . Robots Hopped . | . . . . Cave-ins Triggered . | . . . . Exploration Rate (%) 19 | 4 21 36 17 Regions Visited 3 Branch Regions 1 Pre-discovered Areas 1 | . . 1 . Known Exits Taken . | . . . . Unknown Exits Taken 3 | 1 1 1 . Scrap Searched 1 | . . 1 . Spaces Dug . | . . . . Terrain Destroyed 80 | . 57 . 23 Melee . | . . . . Projectile . | . . . . AOE 80 | . 57 . 23 Terrain Rammed . | . . . . Walls Destroyed . | . . . . Machines Disabled . | . . . . Actions | -11 -10 -10 -9 --------- Run | Yrd Mat Min Mat Total 652 | 67 145 232 208 Wait . | . . . . Move 604 | 59 129 227 189 Hop . | . . . . Pick Up 6 | 1 2 1 2 Fast Attach 11 | 6 2 . 3 Attach 4 | . . 1 3 Detach 2 | . 1 . 1 Swap 5 | . 1 2 2 Drop 2 | . . . 2 Fire 16 | . 10 . 6 Melee . | . . . . Ram 1 | . . 1 . Kick 1 | 1 . . . Crush . | . . . . Escape Stasis . | . . . . Rewire . | . . . . Trap . | . . . . Miscellaneous . | . . . . Route ------- -11/Scrapyard -10/Materials -10/Mines -9/Materials History --------- Turn | Location | Event 6 | -11/Scrapyard | Discovered new exit (range 15) 89 | -11/Scrapyard | Entered Materials 250 | -10/Materials | Discovered new exit (range 8) 281 | -10/Materials | Entered Mines 303 | -10/Mines | Learned location of Storage (-8) 316 | -10/Mines | Build established: Mutant 339 | -10/Mines | Found a damaged Exp. Sensor Array with a note attached 344 | -10/Mines | Found Prototype Device 345 | -10/Mines | Identified Exp. Sensor Array 420 | -10/Mines | Discovered new exit (range 6) 504 | -10/Mines | Core integrity fell below 50% 555 | -10/Mines | Entered Materials 555 | -9/Materials | Evolved 2 slots: Propulsion x1, Utility x1 804 | -9/Materials | Core integrity fell below 50% 811 | -9/Materials | Self-destructed Last Messages --------------- S-10 Pest destroyed. U-05 Engineer lays Concrete. Grenade Launcher destroyed. U-05 Engineer lays Concrete. Aluminum Leg destroyed. U-05 Engineer lays Concrete. K-01 Serf collects debris. U-05 Engineer lays Concrete. U-05 Engineer builds a Wall. U-05 Engineer lays Concrete. K-01 Serf collects debris. U-05 Engineer lays Concrete. K-01 Serf collects debris. Exp. Sensor Array destroyed. U-05 Engineer lays Concrete. Com. Wheel destroyed. K-01 Serf collects debris. U-05 Engineer lays Concrete. K-01 Serf collects debris. U-05 Engineer lays Concrete. Map ----- +----------------------------------------------------+ | ??????????????????????????????????????? ???????? | | ??????????????????????????????????????? ???????? | | ??????????????????????????????????????# #??????? | | ??????????????????????????????????????# #??????? | | ??????????????????????????????????????# #??????? | | ??????????????????????????????????????? ???????? | | ??????????????????????????????????????? ???????? | | ??????????????????????????????????????? ???????? | | ??????????????????????????????????????? ???????? | | ??????????????????????????????????????? ???????? | | ??????????????????????????????????????? ???????? | | ???????????????????????????????????????# #???????? | | ???????????????????????????????????????# #???????? | | ?????????#########?????????????????????# #???????? | | ?????????# #????????##############/#???????? | | ?????????# #???????? # #???????? | | ?????????# #????? """ # #???????? | | ?????????# #???? """"" # #???????? | | ?????????# #???# """"" # #???????? | | ?????????# #???# """"" ""# """ #???????? | | ?????????# #????? """ Y"# """ "T" #???????? | | ?????????# #??????? ""# """ """ #???????? | | ?????????# #????????? # #???????? | | ?????????# ############t# ###+#####???????? | | ?????????# g s #????????? | | ???# ########+#### @ #????????? | | ???# """ g r #????????? | | ???# "T" s s u#######+### ##+#####???????? | | ???# a k ## # #???????? | | ? + """ ## # """ #???????? | | ??#### ## # """ #???????? | | ?????# ## # """ #???????? | | ?????# ## """ # #???????? | | ?????# ## """"" + """#???????? | | ?????# [ [## """"" # R"#???????? | | ?????# """ = =## """"" # """#???????? | | ?????# """ "" ]## """ # #???????? | | ????## """ "" ####################???????? | | ????# """ "" [ ##?????????????????????????? | | ????# *%= ##?????????????????????????? | | ????# ##?????????????????????????? | | ????######## ##?????????????????????????? | | ???????????# ##?????????????????????????? | | ???????????# || !! #??????????????????????????? | | ??????###### !|| /! #??????????????????????????? | | ????# *!|| / #??????????????????????????? | | #??????????????????????????? | | ##### #??????????????????????????? | | ????############### #??????????????????????????? | | ??????????????????# #??????????????????????????? | +----------------------------------------------------+ Best States ------------- Heat Dissipation 28 Energy Generation 10 Energy Capacity 250 Matter Stores 171 Matter Capacity 450 Sight Range 16 Robot Scan Range 20 Terrain Scan Density 10 ECM Strength 1 Evasion (%) 55 Item Schematics ----------------- None Robot Schematics ------------------ None Fabricated ------------ Nothing Alien Tech Used ----------------- None Achievements -------------- None Challenges ------------ None Game ------ Seed BiomechanicalRainbowAirjet Manual? 0 Play Time 00:11:12 Cumulative 7.8 hours Start 2024.04.05 @ 23:50:54 End 2024.04.11 @ 07:39:19 Sessions 4 Manual Loads 0 Difficulty Rogue Special Mode None Game No. 29 Rogue 29 Adventurer 0 Explorer 0 Win Type - Total 0 Types 0/0/0/0/0/0/0/0/0 Lore% 6 Gallery% 13 Achievement% 11 Wizard Run 0 Options --------- Layout 1 ASCII 1 Keyboard 0 Movement Arrows Keybinds 0 Fullscreen 1 Font 18/SmallcapsGlow Map View 50x40 Zoom Use 0% Tactical HUD 0 Map Filters NONE Filters NONE Steam 1 RUN: ef39b6bc-3716-4e83-8768-7b82c6f675cb